 Dungeon Sprint DCSS version 0.30-a0-1103-g25895a7845 (webtiles) character file.

Game seed: 1624993339099661250

4 sircluck the Ducker (level 1, -2/16 HPs)
             Began as a Merfolk Wanderer on Apr 18, 2023.
             Succumbed to a scorpion's poison
             ... in the Dungeon (Sprint IX: "|||||||||||||||||||||||||||||").
             The game lasted 00:00:07 (23 turns).

sircluck the Ducker (Merfolk Wanderer)                Turns: 23, Time: 00:00:08

Health: -2/16      AC:  3    Str:  9    XL:     1   Next: 60%
Magic:  1/1        EV: 13    Int: 11    God:
Gold:   0          SH:  0    Dex: 16    Spells: 0/0 levels left

rFire   . . .      SeeInvis .    a - +0 sling
rCold   . . .      Faith    .    (no shield)
rNeg    . . .      Spirit   .    c - +0 leather armour
rPois   .          Reflect  .    (no helmet)
rElec   .          Rampage  .    (no cloak)
rCorr   .          NoTele   +    (no gloves)
Will    .....                    (no boots)
Stlth   ++                       (no amulet)
HPRegen 0.22/turn                (no ring)
MPRegen 0.07/turn                (no ring)

@: lethally poisoned (-2 -> -14)
A: (nimble swimmer 2), mertail
a: no special abilities


You were in the Dungeon.
You visited 1 branch

Inventory:

Hand Weapons
 a - a +0 sling (weapon)
Missiles
 b - 2 throwing nets (quivered)
Armour
 c - a +0 leather armour (worn)
Scrolls
 k - a scroll of blinking
Potions
 e - a potion of might
 f - a potion of curing
 g - a potion of heal wounds
 h - a potion of haste
 i - 2 potions of magic
 j - a potion of berserk rage
Miscellaneous
 d - a piece from Xom's chessboard (15/15)


   Skills:
 + Level 1.7 Fighting
 + Level 1.0 Ranged Weapons
 + Level 1.0 Armour
 + Level 4.7 Dodging
 + Level 1.1 Stealth
 + Level 3.6 Evocations


You couldn't memorise any spells.
You didn't know any spells.
Your spell library was empty.

Dungeon Overview and Level Annotations

Branches:
Dungeon (1/1)

Altars:


Innate Abilities, Weirdness & Mutations

((You are very nimble when in or above water. (Stealth+, EV+, Speed+++)))
Your lower body shifts to a powerful aquatic tail in water.


Message History

You shoot a sling bullet. The sling bullet hits the rat.
You kill the rat!
You shoot a sling bullet. The sling bullet barely misses the rat.
The sling bullet closely misses the frilled lizard.
The rat bites you but does no damage. The rat barely misses you.
You shoot a sling bullet. The sling bullet hits the rat.
The rat is heavily wounded.
The rat barely misses you.
You shoot a sling bullet. The sling bullet hits the rat.
You kill the rat!
You shoot a sling bullet.
The sling bullet hits the frilled lizard.
You kill the frilled lizard!
Things that are here:
a +0 club; a frilled lizard corpse You open the door.
An orc, a jelly, 2 scorpions and a black bear come into view.
The orc is wielding a +1 dagger of venom.
The jelly quivers.
You shoot a sling bullet.
The sling bullet hits the scorpion but does no damage.
The black bear growls angrily.
The scorpion stings you. x2
You shoot a sling bullet. The orc shouts!
The sling bullet hits the scorpion.
The scorpion is lightly wounded.
The scorpion barely misses you.
You shoot a sling bullet.
The sling bullet barely misses the scorpion.
The sling bullet hits the orc.
The orc is heavily wounded.
The scorpion closely misses you. The scorpion stings you!
* * * LOW HITPOINT WARNING * * *
The scorpion attacks as you move away! The scorpion misses you.
The scorpion attacks as you move away! The scorpion stings you.
* * * LOW HITPOINT WARNING * * *
You are lethally poisoned!
The scorpion poisons you!
You die... ▓▓▓▓▓▓▓▓▓▓▓▓▓▓▓▓▓▓ ▓<...').@.so.Jsh.+ ▓▓▓▓▓▓▓▓▓▓▓▓▓▓▓▓▓▓

You could see a black bear, 2 scorpions, a jelly and an orc.

Vanquished Creatures
  A goblin (D)
  A bat (D)
  A frilled lizard (D)
  2 rats (D)
5 creatures vanquished.

Notes
Turn   | Place    | Note
-------+----------+-------------------------------------------
     0 | D        | sircluck the Merfolk Wanderer began the quest for the Orb.
     0 | D        | sircluck set off with the following items: a +0 sling, 2
                  | throwing nets, a +0 leather armour, a piece from Xom's
                  | chessboard (15/15), a potion of might, a potion of curing,
                  | a potion of heal wounds, a potion of haste, 2 potions of
                  | magic, a potion of berserk rage, a scroll of blinking.
     0 | D        | Reached XP level 1. HP: 15/15 MP: 1/1
    18 | D        | Noticed a scorpion
    18 | D        | Noticed a jelly
    18 | D        | Noticed a scorpion
    18 | D        | Noticed a black bear
    23 | D        | Succumbed to a scorpion's poison

Illustrated notes

Levels and vault maps discovered:
D:        linesprint [early_d, line_temple, items_1, d_10, items_2, lair_1,
          lair_end, items_3, orc_1, orc_end, items_4, d_15, swamp_1, shoals_1,
          snake_1, spider_1, d_20, vaults_1, items_5, swamp_end, shoals_end,
          snake_end, spider_end, vaults_end, d_27, items_6, zot_1, zot_end,
          crypt_end, forest_end, elf_end, slime_end, tomb_end, abyss_end,
          pan_hell_end]

Action                     || total
---------------------------++-------
   Fire: Sling             ||    11
 Armour: Leather armour    ||     3
  Dodge: Dodged            ||    11

Table legend: (Time is in decaauts)
 A = Elapsed time spent in this place.
 B = Non-inter-level travel time spent in this place.
 C = Inter-level travel time spent in this place.
 D = Time resting spent in this place.
 E = Time spent auto-exploring this place.
 F = Levels seen in this place.
 G = Mean time per level.
                   A        B        C        D        E       F      G
               +--------+--------+--------+--------+--------+-----+--------+
         Total |     27 |     27 |      0 |      0 |      0 |   1 |   27.0 |
       Dungeon |     27 |     27 |      0 |      0 |      0 |   1 |   27.0 |
               +--------+--------+--------+--------+--------+-----+--------+

Top non-repeatable levels by time:
       D: 27 daAuts
